 Dungeon Crawl Stone Soup version 0.30-a0-772-g5528072125 (webtiles) character file.

Game seed: 15406045053157699044

56 Mickster the Shooter (level 3, 0/31 HPs)
             Began as a Troll Wanderer on Feb 12, 2023.
             Slain by a gnoll
             ... wielding a +0 flail
              (6 damage)
             ... on level 2 of the Dungeon.
             The game lasted 00:13:10 (1020 turns).

Mickster the Shooter (Troll Wanderer)               Turns: 1020, Time: 00:13:10

Health: 0/31       AC:  5    Str: 21    XL:     3   Next: 69%
Magic:  0/3        EV: 10    Int:  5    God:
Gold:   45         SH:  0    Dex: 13    Spells: 4/4 levels left

rFire   . . .      SeeInvis .    j - +0 spear
rCold   . . .      Faith    .    d - orb {*channel}
rNeg    . . .      Spirit   +    e - +0 robe
rPois   .          Reflect  .    (helmet restricted)
rElec   .          Harm     .    c - +0 cloak
rCorr   .          Rampage  .    (gloves unavailable)
Will    +....                    (boots unavailable)
Stlth   ++                       n - amulet of guardian spirit
HPRegen 1.05/turn                f - ring of willpower
MPRegen 0.08/turn                (no ring)

@: no status effects
A: large, unfitting armour, claws 3, regeneration 1, shaggy fur 1, tough skin 1
a: no special abilities


You were on level 2 of the Dungeon.
You visited 1 branch of the dungeon, and saw 2 of its levels.

You collected 45 gold pieces.

Inventory:

Hand Weapons
 a - a +2 sling
 b - a +0 mace
 g - a +0 dagger
 j - a +0 spear (weapon)
Missiles
 i - 4 stones
 o - 4 boomerangs (quivered)
Armour
 c - a +0 cloak (worn)
 d - an orb of energy (worn)
 e - a +0 robe (worn)
 l - a +1 chain mail
Magical Staves
 h - a staff of earth
Jewellery
 f - a ring of willpower (left claw)
 n - an amulet of guardian spirit (around neck)
Scrolls
 m - a scroll of vulnerability


   Skills:
 + Level 0.1 Fighting
 + Level 1.8(2.0) Maces & Flails
 + Level 0.8(1.1) Polearms
 * Level 0.9(1.5) Staves
 + Level 3.0 Ranged Weapons
 + Level 1.8 Dodging
 + Level 1.1 Stealth
 + Level 1.0 Spellcasting


You had 4 spell levels left.
You didn't know any spells.
Your spell library contained the following spells:

 Spells                   Type           Power      Damage    Failure   Level
 Beastly Appendage        Tmut           0%         N/A       43%         1
 Blink                    Tloc           0%         N/A       58%         2
 Lesser Beckoning         Tloc           0%         N/A       58%         2
 Momentum Strike          Conj/Tloc      0%         3d8       58%         2
 Wereblood                Tmut           0%         N/A       58%         2
 Spider Form              Tmut/Pois      0%         N/A       82%         3


Dungeon Overview and Level Annotations

Branches:
Dungeon (2/15)

Altars:


Innate Abilities, Weirdness & Mutations

You are too large for most types of armour.
You have claws for hands.
Your natural rate of healing is unusually fast.
You are covered in fur. (AC +1)
You have tough skin. (AC +1)


Message History

The gnoll is almost dead.
The gnoll barely misses you. The gnoll hits you with a +0 whip.
The gnoll barely misses you. The kobold closely misses you.
You hit the gnoll.
You kill the gnoll!
The gnoll hits you with a +0 flail! The gnoll barely misses you.
The kobold hits you but does no damage. The gnoll barely misses you.
The gnoll hits you but does no damage.
The kobold hits you with a +0 short sword.
Things that are here:
a +0 whip; a gnoll corpse You closely miss the gnoll.
The gnoll barely misses you. The gnoll closely misses you.
The kobold barely misses you.
You hit the gnoll.
The gnoll is moderately wounded.
The gnoll hits you but does no damage. The gnoll hits you with a +0 whip.
* * * LOW HITPOINT WARNING * * *
The kobold hits you with a +0 short sword.
* * * LOW HITPOINT WARNING * * *
You hit the gnoll.
The gnoll is severely wounded.
The gnoll closely misses you. The gnoll hits you with a +0 flail.
* * * LOW HITPOINT WARNING * * *
The kobold barely misses you.
You hit the gnoll.
You kill the gnoll!
The gnoll closely misses you.
The kobold hits you with a +0 short sword.
* * * LOW HITPOINT WARNING * * *
It was a potion of curing.
You feel better. The gnoll closely misses you.
The kobold hits you with a +0 short sword.
You hit the kobold.
You kill the kobold!
The gnoll hits you with a +0 flail!
* * * LOW HITPOINT WARNING * * *
The gnoll attacks as you move away! The gnoll closely misses you.
Things that are here:
a +0 short sword; a kobold corpse You hit the gnoll but do no damage.
The gnoll hits you with a +0 flail.
You die...

....##.'..#....#
#.###.#..#.#...#
#..............#
..#..#..#......#
#.#..#.........#
#......_.......#
#..........#...#
......#..#.....#
..##...@g..##..#
. #.#.))#..# .#
.........#)...#
..............#
.....######....#
##### #####


You could see a gnoll.

Vanquished Creatures
  2 gnolls (D:2)
  5 orcs (D:2)
  A ball python (D:2)
  2 endoplasms (D:1)
  2 giant cockroaches (D:1)
  2 goblins
  2 hobgoblins
  3 jackals (D:1)
  2 quokkas
  2 frilled lizards (D:1)
  2 kobolds (D:2)
  6 rats
31 creatures vanquished.

Notes
Turn   | Place    | Note
-------+----------+-------------------------------------------
     0 | D:1      | Mickster the Troll Wanderer began the quest for the Orb.
     0 | D:1      | Mickster set off with the following items: a +2 sling, a +0
                  | mace, a +0 cloak, a potion of lignification, a +0 robe.
     0 | D:1      | Reached XP level 1. HP: 16/16 MP: 1/1
   265 | D:1      | Reached XP level 2. HP: 24/24 MP: 2/2
   484 | D:1      | Reached skill level 3 in Ranged Weapons
   738 | D:2      | Reached XP level 3. HP: 31/31 MP: 3/3
   991 | D:2      | Found a faded altar of an unknown god.
  1020 | D:2      | Slain by a gnoll

Illustrated notes

Levels and vault maps discovered:
D:1:      minmay_arrival_open_corners, layout_rooms
D:2:      minmay_diamond_boxcup, layout_loops_ring,
          hellmonk_ecumenical_altar_blasted

Skill      XL: |  1  2 |
---------------+-------+-----
Ranged Weapons | 3 |  3.0
Fighting       | |  0.1
Maces & Flails | |  1.8
Polearms       | |  0.8
Staves         | |  0.9
Dodging        | |  1.8
Stealth        | |  1.1
Spellcasting   | |  1.0

Action                     || total
---------------------------++-------
  Melee: Staff             ||    48
         Spear             ||    70
   Fire: Sling             ||    11
    Use: Scroll            ||     7
         Potion            ||     1
   Stab: Sleeping          ||     1
 Armour: Robe              ||    55
  Dodge: Dodged            ||    87

Table legend: (Time is in decaauts)
 A = Elapsed time spent in this place.
 B = Non-inter-level travel time spent in this place.
 C = Inter-level travel time spent in this place.
 D = Time resting spent in this place.
 E = Time spent auto-exploring this place.
 F = Levels seen in this place.
 G = Mean time per level.
                   A        B        C        D        E       F      G
               +--------+--------+--------+--------+--------+-----+--------+
         Total |   1034 |   1034 |      0 |    147 |      0 |   2 |  517.0 |
       Dungeon |   1034 |   1034 |      0 |    147 |      0 |   2 |  517.0 |
               +--------+--------+--------+--------+--------+-----+--------+

Top non-repeatable levels by time:
     D:1: 683 daAuts
     D:2: 351 daAuts
